 Dungeon Crawl Stone Soup version 0.30-a0-123-g91d0c66ccf (webtiles) character file.

Game seed: 11656768791768212074

179 jlumianski the Chopper (level 5, -4/32 HPs)
             Began as a Gargoyle Gladiator on Sept 17, 2022.
             Shot with an arrow by a centaur (9 damage)
             ... on level 5 of the Dungeon.
             The game lasted 00:03:59 (691 turns).

jlumianski the Chopper (Gargoyle Gladiator)          Turns: 691, Time: 00:03:59

Health: -4/32      AC: 13    Str: 20    XL:     5   Next: 59%
Magic:  5/5        EV:  8    Int:  8    God:
Gold:   35         SH:  0    Dex: 11    Spells: 4/4 levels left

rFire   . . .      SeeInvis .    a - +0 war axe
rCold   . . .      Faith    .    (no shield)
rNeg    + . .      Spirit   .    h - +0 chain mail
rPois   ∞          Reflect  .    c - +0 helmet
rElec   +          Harm     .    (no cloak)
rCorr   .          Rampage  .    (no gloves)
Will    .....                    (no boots)
Stlth   ..........               (no amulet)
HPRegen 0.10/turn                (no ring)
MPRegen 0.09/turn                (no ring)

@: no status effects
A: sickness immunity, AC +4, negative energy resistance 1, electricity
resistance, torment resistance 1, petrification resistance
a: no special abilities


You were on level 5 of the Dungeon.
You visited 1 branch of the dungeon, and saw 5 of its levels.

You collected 35 gold pieces.

Inventory:

Hand Weapons
 a - a +0 war axe (weapon)
 k - a +2 antimagic dire flail
Missiles
 d - a throwing net
 g - a javelin (quivered)
Armour
 b - a +0 leather armour
 c - a +0 helmet (worn)
 h - a +0 chain mail (worn)
Jewellery
 e - an amulet of guardian spirit
Scrolls
 j - a scroll of teleportation
Potions
 f - a potion of curing
 i - a potion of lignification


   Skills:
 + Level 3.0 Fighting
 + Level 4.1 Axes
 + Level 2.0 Throwing
 + Level 1.4 Armour
 + Level 3.3 Dodging
 + Level 0.1 Stealth


You had 4 spell levels left.
You didn't know any spells.
Your spell library contained the following spells:

 Spells                   Type           Power      Damage    Failure   Level
 Shock                    Conj/Air       0%         1d3       99%         1
 Swiftness                Air            0%         N/A       100%        3
 Airstrike                Air            0%         2d(0-16)  100%        4


Dungeon Overview and Level Annotations

Branches:
Dungeon (5/15)
 Temple: D:4-7

Altars:

Portals:
Abyss: D:3

Annotations:
D:3 IdlyInterested's ghost, weakling DsGl


Innate Abilities, Weirdness & Mutations

You are immune to sickness and miasma.
Your stone body is resilient. (AC +4)
You are immune to poison.
You resist negative energy. (rN+)
You are resistant to electric shocks. (rElec)
You are resistant to unholy torment.
You are immune to petrification.


Message History

You hear the slow rusting of a very distant drain.
The iguana barely misses you.
You hit the iguana but do no damage.
The iguana bites you but does no damage.
You hit the iguana but do no damage.
The iguana bites you but does no damage.
The iguana bites you!
* * * LOW HITPOINT WARNING * * *
You slash the iguana!
The iguana is heavily wounded.
The iguana bites you but does no damage.
You slash the iguana!
You kill the iguana!
Your Fighting skill increases to level 3!
You see here an iguana corpse.
There is an open door here.
g - a javelin
Found a robe.
Found a stone staircase leading up.
Found a stone staircase leading down.
A centaur comes into view.
The centaur shouts!
The centaur wields a +0 shortbow.
The centaur shoots an arrow.
The arrow barely misses you.
The centaur shoots an arrow.
The arrow barely misses you.
A quokka comes into view.
The centaur shoots an arrow.
The arrow hits you but does no damage.
Found a fizzy dark potion.
The centaur shoots an arrow.
The arrow misses you.
The centaur shoots an arrow.
The arrow hits you but does no damage.
The centaur shoots an arrow.
The arrow hits you but does no damage.
The centaur shoots an arrow.
The arrow hits you but does no damage.
The centaur shoots an arrow.
The arrow barely misses you.
The centaur shoots an arrow.
The arrow hits you.
* * * LOW HITPOINT WARNING * * *
The centaur shoots an arrow.
The arrow hits you.
* * * LOW HITPOINT WARNING * * *
The quokka bites you.
* * * LOW HITPOINT WARNING * * *
The centaur shoots an arrow.
The arrow hits you!
You die...

#.....#####.....#
#...............#########
#........................
#........................
#............[..........!
#........................
...........#####.........
.##+###+#### #.r...>### .
+@.....# #...c..#
#......# #......# #######
.......# #.....# .#######
.#.....# . .#.....# ..
.#.....#


You could see a centaur and a quokka.

Vanquished Creatures
  Edmund (D:5)
  An iguana (D:5)
  2 adders
  A dart slug (D:3)
  A giant cockroach (D:3)
  A goblin (D:3)
  A hobgoblin (D:3)
  2 jackals (D:3)
  A kobold (D:3)
  A quokka (D:3)
  4 ball pythons
  A bat (D:3)
  A rat (D:2)
18 creatures vanquished.

Notes
Turn   | Place    | Note
-------+----------+-------------------------------------------
     0 | D:1      | jlumianski the Gargoyle Gladiator began the quest for the
                  | Orb.
     0 | D:1      | Reached XP level 1. HP: 12/12 MP: 1/1
    10 | D:1      | You fall into a shaft and drop 1 floor!
    78 | D:2      | Reached XP level 2. HP: 18/18 MP: 2/2
    91 | D:3      | Reached skill level 3 in Axes
   246 | D:3      | Reached XP level 3. HP: 15/22 MP: 3/3
   373 | D:3      | Noticed an ancient zyme
   374 | D:3      | Found a one-way gate to the infinite horrors of the Abyss.
   374 | D:3      | Noticed IdlyInterested's ghost (weakling DsGl)
   557 | D:5      | Entered Level 5 of the Dungeon
   604 | D:5      | Noticed Edmund
   615 | D:5      | Killed Edmund
   616 | D:5      | Reached skill level 4 in Axes
   616 | D:5      | Reached skill level 1 in Armour
   616 | D:5      | Reached XP level 4. HP: 16/27 MP: 1/4
   616 | D:5      | Reached XP level 5. HP: 19/32 MP: 1/5
   684 | D:5      | Noticed a centaur
   691 | D:5      | Shot with an arrow by a centaur

Illustrated notes

Levels and vault maps discovered:
D:1:      evilmike_arrival_hilbert_curve, layout_loops_ring,
          minmay_misc_feat_more_columns
D:2:      layout_basic, basic_ecumenical_altar
D:3:      layout_rooms, gammafunk_ghost_abyssal_escape, patterned_corridor
D:4:      wander_river, layout_basic, gammafunk_ghost_smash, st_stairs_13
D:5:      layout_gridville, overflow_temple_1_default,
          cheibrodos_sewer_entry_drain, uniq_prince_ribbit1, uniq_edmund,
          uniq_duvessa

Skill      XL: |  1  2  3  4  5 |
---------------+----------------+-----
Axes           | 3 4 |  4.1
Throwing       | 2 |  2.0
Armour         | 1 |  1.4
Dodging        | 3 |  3.3
Fighting       | 3 |  3.0
Stealth        | |  0.1

Action                   |  1- 3 |  4- 6 || total
-------------------------+-------+-------++-------
Melee: War axe           |    49 |     6 ||    55
       Punch             |     1 |       ||     1
Throw: Javelin           |     1 |     1 ||     2
       Throwing net      |     2 |       ||     2
  Use: Scroll            |     1 |     1 ||     2
       Potion            |     1 |       ||     1
Armor: Leather armour    |    24 |       ||    24
       Chain mail        |    16 |     7 ||    23
Dodge: Dodged            |    38 |     5 ||    43

Table legend: (Time is in decaauts)
 A = Elapsed time spent in this place.
 B = Non-inter-level travel time spent in this place.
 C = Inter-level travel time spent in this place.
 D = Time resting spent in this place.
 E = Time spent auto-exploring this place.
 F = Levels seen in this place.
 G = Mean time per level.
                   A        B        C        D        E       F      G
               +--------+--------+--------+--------+--------+-----+--------+
         Total |    709 |    709 |      0 |    106 |    134 |   5 |  141.8 |
       Dungeon |    709 |    709 |      0 |    106 |    134 |   5 |  141.8 |
               +--------+--------+--------+--------+--------+-----+--------+

Top non-repeatable levels by time:
     D:3: 455 daAuts
     D:5: 137 daAuts
     D:2: 74 daAuts
     D:4: 28 daAuts
     D:1: 13 daAuts
